 Dungeon Crawl Stone Soup version 0.31-a0-986-g5e6e4ef867 (webtiles) character file.

Game seed: 15273120992808565707

14 Danienth the Grave Robber (level 2, -2/19 HPs)
             Began as a Human Necromancer on Nov 7, 2023.
             Slain by a goblin
             ... wielding a +0 club
              (4 damage)
             ... on level 1 of the Dungeon.
             The game lasted 00:03:32 (242 turns).

Danienth the Grave Robber (Human Necromancer)        Turns: 242, Time: 00:03:34

Health: -2/19      AC:  2    Str:  8    XL:     2   Next: 60%
Magic:  0/5        EV: 12    Int: 15    God:
Gold:   8          SH:  0    Dex: 13    Spells: 4/5 levels left

rFire   . . .        b - +0 dagger
rCold   . . .        (no shield)
rNeg    . . .        a - +0 robe
rPois   .            (no helmet)
rElec   .            (no cloak)
rCorr   .            (no gloves)
SInv    .            (no boots)
Will    .....        (no amulet)
Stlth   ++           (no ring)
HPRegen 0.23/turn    (no ring)
MPRegen 0.09/turn

%: no passive effects
@: no status effects
A: no striking features
a: no special abilities


You were on level 1 of the Dungeon.
You visited 1 branch of the dungeon, and saw 1 of its levels.

You collected 8 gold pieces.

Inventory:

Hand Weapons
 b - a +0 dagger (weapon)
Armour
 a - a +0 robe (worn)
Scrolls
 c - a scroll of enchant weapon {unknown}


   Skills:
 * Level 1.3 Short Blades
 - Level 2.0 Dodging
 - Level 2.0 Stealth
 - Level 2.3 Spellcasting
 - Level 4.1 Necromancy


You had 4 spell levels left.
You knew the following spells:

 Your Spells              Type           Power      Damage    Failure   Level
a - Necrotise             Necr           56%        1d6       4%          1

Your spell library contained the following spells:

 Spells                   Type           Power      Damage    Failure   Level
 Vampiric Draining        Necr           14%        2d7       12%         3
 Animate Dead             Necr           14%        N/A       36%         4
 Agony                    Necr           14%        N/A       73%         5


Dungeon Overview and Level Annotations

Branches:
Dungeon (1/15)

Altars:


Message History

The jackal closely misses you.
You barely miss the jackal.
The jackal is severely wounded.
The jackal bites you but does no damage.
The jackal bites you.
You are too injured to fight recklessly!
You are too injured to fight recklessly!
You are too injured to fight recklessly!
You are too injured to fight recklessly!
Hit: b) +0 dagger
Press: ? - help, Dir - move target, f/p - jackal
Aim: a jackal (severely wounded, about 45% to evade your +0 dagger)
You hit the jackal.
You kill the jackal!
Hit: b) +0 dagger
Press: ? - help, Dir - move target, f - goblin
Aim: a goblin, wielding a +0 club (moderately wounded, about 45% to evade your +0 dagger)
You barely miss the goblin.
The goblin is moderately wounded.
The goblin hits you with a +0 club.
Hit: b) +0 dagger
Press: ? - help, Dir - move target, f/p - goblin
Aim: a goblin, wielding a +0 club (moderately wounded, about 45% to evade your +0 dagger)
You closely miss the goblin.
The goblin is moderately wounded.
The goblin hits you but does no damage.
Casting: Necrotise (safe; 4% risk of failure)
Confirm with . or Enter, or press ? or * to list all spells.
Aiming: Necrotise (safe; 4% risk of failure)
Press: ? - help, Shift-Dir - straight line, f/p - goblin
Aim: a goblin, wielding a +0 club (moderately wounded, chance to affect: 84%)
The goblin barely resists.
The goblin hits you with a +0 club.
* * * LOW HITPOINT WARNING * * *
Hit: b) +0 dagger
Press: ? - help, Dir - move target, f/p - goblin
Aim: a goblin, wielding a +0 club (moderately wounded, about 45% to evade your +0 dagger)
You barely miss the goblin.
The goblin is moderately wounded.
The goblin hits you with a +0 club.
You die...

....#+###..#
#.....##..#.#
#.....##..#.# ##
#.....##..#.#
.#####.........#.#
................>#
.########.###..#.####
.# #.###.......# ##
#.#.....@#..# .#
#......#g#..# .#
#...####.†..# .# ##..
#)...# .# +...
......# .# ##.
.#.#$..... .#
#.#.#.##### .# .
....# ## ## #.###


You could see a goblin.

Vanquished Creatures
  A dart slug (D:1)
  6 jackals (D:1)
  2 bats (D:1)
  A frilled lizard (D:1)
  2 kobolds (D:1)
12 creatures vanquished.

Notes
Turn   | Place    | Note
-------+----------+-------------------------------------------
     0 | D:1      | Danienth the Human Necromancer began the quest for the Orb.
     0 | D:1      | Reached XP level 1. HP: 13/13 MP: 3/3
   100 | D:1      | Reached XP level 2. HP: 19/19 MP: 0/5
   223 | D:1      | Reached skill level 1 in Short Blades
   242 | D:1      | Slain by a goblin

Illustrated notes

Levels and vault maps discovered:
D:1:      eino_arrival_druids_welcome, layout_basic, serial_shops, shop

Skill      XL: |  1  2 |
---------------+-------+-----
Short Blades   | 1 |  1.3
Dodging        | |  2.0
Stealth        | |  2.0
Spellcasting   | |  2.3
Necromancy     | |  4.1

Action                     || total
---------------------------++-------
  Melee: Dagger            ||    33
   Cast: Necrotise         ||    19
    Use: Potion            ||     1
 Armour: Robe              ||    42
  Dodge: Dodged            ||    46

Table legend: (Time is in decaauts)
 A = Elapsed time spent in this place.
 B = Non-inter-level travel time spent in this place.
 C = Inter-level travel time spent in this place.
 D = Time resting spent in this place.
 E = Time spent auto-exploring this place.
 F = Levels seen in this place.
 G = Mean time per level.
                   A        B        C        D        E       F      G
               +--------+--------+--------+--------+--------+-----+--------+
         Total |    240 |    240 |      0 |     28 |    109 |   1 |  240.0 |
       Dungeon |    240 |    240 |      0 |     28 |    109 |   1 |  240.0 |
               +--------+--------+--------+--------+--------+-----+--------+

Top non-repeatable levels by time:
     D:1: 240 daAuts
